 Seeded DCSS version 0.28-a0-1395-g4f6bc678fa (webtiles) character file.

Game seed: 5926787055840999799 (custom seed)

35014 flotson the Fighter (level 13, -6/103 HPs)
             Began as a Demonspawn Gladiator on Jan 5, 2022.
             Was an Initiate of Gozag.
             Mangled by a molten gargoyle (14 damage)
             ... on level 6 of the Lair of Beasts.
             The game lasted 00:36:05 (15368 turns).

flotson the Fighter (Demonspawn Gladiator)         Turns: 15368, Time: 00:36:06

Health: -6/103     AC: 20    Str: 24    XL:     13   Next: 45%
Magic:  13/13      EV: 12    Int: 11    God:    Gozag
Gold:   3262       SH:  0    Dex: 15    Spells: 12/12 levels left

rFire   . . .      SeeInvis +   a - +6 hand axe "Winyufom" {protect, Will+++ rCorr SInv Stlth-}
rCold   . . .      Faith    .   X - +0 tower shield
rNeg    . . .      Spirit   .   C - +0 troll leather armour
rPois   .          Reflect  .   T - +1 hat
rElec   .          Harm     .   Q - +0 cloak
rCorr   +          Rampage  .   S - +0 pair of gloves
Will    +++..                   y - +0 pair of boots
Stlth   ..........              t - amulet of regeneration
HPRegen 1.87/turn               M - +6 ring of strength
MPRegen 0.13/turn               P - +4 ring of slaying

@: confused, ambrosia-drunk, under a protective aura, hasted, very quick
A: claws 2, molten scales 2, demonic guardian 2
a: Renounce Religion, Potion Petition, Call Merchant, Bribe Branch


You were on level 6 of the Lair of Beasts.
You worshipped Gozag.
Gozag was most pleased with you.
You visited 3 branches of the dungeon, and saw 17 of its levels.
You also visited: Ice Cave.

You collected 3558 gold pieces.
You spent 179 gold pieces at shops.
You paid 117 gold pieces to Gozag.

Inventory:

Hand Weapons
 a - the +6 hand axe "Winyufom" (weapon) {protect, Will+++ rCorr SInv Stlth-}
   (You found it on level 7 of the Dungeon)

   It grants its wielder temporary protection when it strikes (+7 to AC).
   SInv:      It lets you see invisible.
   rCorr:     It protects you from acid and corrosion.
   Will:      It greatly increases your willpower.
   Stlth:     It makes you less stealthy.
 b - a +3 spear of venom
 N - a +0 scimitar of flaming
Missiles
 e - 18 poisoned darts (quivered)
 B - 2 atropa-tipped darts
 I - 2 boomerangs of dispersal
Armour
 y - a +0 pair of boots (worn)
 C - a +0 troll leather armour (worn)
 J - a +1 leather armour of fire resistance
 Q - a +0 cloak (worn)
 S - a +0 pair of gloves (worn)
 T - a +1 hat (worn)
 X - a +0 tower shield (worn)
Jewellery
 c - a ring of magical power
 i - an amulet of reflection
 t - an amulet of regeneration (around neck)
 M - a +6 ring of strength (left hand)
 P - a +4 ring of slaying (right hand)
 R - an amulet of guardian spirit
 Y - a ring of protection from fire
Wands
 d - a wand of acid (5)
 x - a wand of digging (6)
 D - a wand of charming (10)
 V - a wand of flame (31)
Scrolls
 f - a scroll of enchant armour {unknown}
 h - 2 scrolls of blinking {unknown}
 l - 6 scrolls of vulnerability
 m - 5 scrolls of summoning
 o - 4 scrolls of holy word
 u - 3 scrolls of enchant weapon
 v - 2 scrolls of brand weapon {unknown}
 z - 2 scrolls of magic mapping
 A - 4 scrolls of noise {unknown}
 K - a scroll of immolation {unknown}
 L - 2 scrolls of amnesia {unknown}
 W - a scroll of acquirement {unknown}
Potions
 g - 5 potions of curing
 p - 2 potions of flight
 q - 2 potions of mutation
 r - 2 potions of cancellation
 s - a potion of ambrosia
 w - 4 potions of resistance
 G - 2 potions of attraction
 H - a potion of invisibility
Miscellaneous
 n - a lightning rod (4/4)
 O - a condenser vane
 U - a box of beasts


   Skills:
 + Level 10.1 Fighting
 + Level 9.4 Axes
 + Level 9.3 Throwing
 + Level 8.8 Armour
 + Level 9.5 Dodging
 + Level 3.5 Shields
 + Level 8.0 Evocations


You had 12 spell levels left.
You didn't know any spells.
Your spell library contained the following spells:

 Spells                   Type           Power      Damage    Failure   Level
 Animate Skeleton         Necr           0%         N/A       100%        1
 Apportation              Tloc           0%         N/A       100%        1
 Magic Dart               Conj           0%         1d3       100%        1
 Sandblast                Erth           0%         2d4       100%        1
 Shock                    Conj/Air       0%         1d3       100%        1
 Summon Small Mammal      Summ           0%         N/A       100%        1
 Call Imp                 Summ           0%         N/A       100%        2
 Ensorcelled Hibernation  Hex/Ice        0%         N/A       100%        2
 Passwall                 Tmut/Erth      0%         N/A       100%        2
 Sublimation of Blood     Necr           0%         N/A       100%        2
 Conjure Flame            Conj/Fire      0%         6-21      100%        3
 Dazzling Flash           Conj/Hex       0%         N/A       100%        3
 Gell's Gravitas          Tloc           0%         N/A       100%        3
 Ignite Poison            Fire/Tmut/Pois 0%         N/A       100%        3
 Lesser Beckoning         Tloc           0%         N/A       100%        3
 Mephitic Cloud           Conj/Pois/Air  0%         N/A       100%        3
 Spider Form              Tmut/Pois      0%         N/A       100%        3
 Stone Arrow              Conj/Erth      0%         3d7       100%        3
 Summon Guardian Golem    Hex/Summ       0%         N/A       100%        3
 Swiftness                Air            0%         N/A       100%        3
 Teleport Other           Tloc           0%         N/A       100%        3
 Airstrike                Air            0%         N/A       100%        4
 Passage of Golubria      Tloc           0%         N/A       100%        4
 Petrify                  Tmut/Erth      0%         N/A       100%        4
 Sticky Flame             Conj/Fire      0%         2d3       100%        4
 Agony                    Necr           0%         N/A       100%        5
 Irradiate                Conj/Tmut      0%         3d13      100%        5
 Silence                  Hex/Air        0%         N/A       100%        5
 Haunt                    Necr/Summ      0%         N/A       100%        7
 Lehudib's Crystal Spear  Conj/Erth      0%         10d2      100%        8


Dungeon Overview and Level Annotations

Branches:
Dungeon (10/15)            Temple (1/1) D:6            Lair (6/6) D:10
  Swamp (0/4) Lair:3       Spider (0/4) Lair:4        Slime (0/5) Lair:6
    Orc (0/2) D:10          IceCv (visited)

Altars:
Ashenzari
Cheibriados
Dithmenos
Gozag
Hepliaklqana
Kikubaaqudgha
Makhleb
Nemelex Xobeh
Okawaru
Ru
Sif Muna
Trog
Uskayaw
Vehumet
Wu Jian
Xom
Yredelemnul
The Shining One

Shops:
D:4 :   D:7 ?   D:8 *

Annotations:
D:8 1 runed translucent door, dracfodder's ghost, novice DrIE
Lair:6 1 runed translucent door


Innate Abilities, Weirdness & Mutations

You have very sharp fingernails.
You are mostly covered in molten scales. (AC +3)
A demonic guardian rushes to your aid.


Message History

The basilisk is moderately wounded.
You hit the komodo dragon but do no damage.
The basilisk closely misses you. The komodo dragon misses you.
The molten gargoyle hits your hellwing with a +0 morningstar!
Your hellwing dies!
Your hellwing disappears in a puff of smoke!
Unknown command.
You nearly stumble into some lava!
The basilisk gazes at you. You resist with almost no effort.
The komodo dragon bites you!
Unknown command.
You barely miss the molten gargoyle.
The molten gargoyle is heavily damaged.
You hit the komodo dragon but do no damage.
You hit the basilisk but do no damage. The basilisk closely misses you.
The komodo dragon bites you!
Unknown command.
You nearly stumble into some lava!
The molten gargoyle blasts magma at you!
The bolt of magma hits you!!
* * * LOW HITPOINT WARNING * * *
A demonic guardian appears!
Unknown command.
You slash the komodo dragon!
The komodo dragon is moderately wounded.
You hit the basilisk. You hit the molten gargoyle. The basilisk bites you.
* * * LOW HITPOINT WARNING * * *
The komodo dragon bites you!
* * * LOW HITPOINT WARNING * * *
The molten gargoyle closely misses you.
You slash the komodo dragon!
The komodo dragon is heavily wounded.
You closely miss the basilisk.
You hit the molten gargoyle but do no damage.
Your rust devil barely misses the basilisk.
The basilisk barely misses you. The komodo dragon bites you.
* * * LOW HITPOINT WARNING * * *
The molten gargoyle hits you with a +0 morningstar!
You die...
Your body crumbles into a pile of gold.

8#......#≈#... # ..... #
##......≈≈#... #≈# .... ###
#......§§#$ $$#≈# ... #..
##.....#§§##$$$$##≈##l.
##.. #......#≈≈≈######≈≈≈l.
.# #...
........#§≈≈≈§§≈§≈≈9.##.8#
##...
...........≈≈§≈§§##SS§≈.#
#.... #...........≈§§§9.#.#
#.... ####....§.......@l4##
##... ##≈≈§≈......§§l§≈§≈§#
#... ###≈≈≈≈.).§.§§§≈####
##.. ###≈≈≈.§≈§§§≈## ##.
#≈≈§≈≈≈§≈#8## #### ###. ###
#§§###8#.#######..######...
#.###§≈
#########.............
##.#### ##..............P.
###.#####
#......P.......###


You could see a komodo dragon, a basilisk (ally target), a molten gargoyle and a
friendly rust devil (summoned).

Vanquished Creatures
  Snorg (D:10)
  5 hydras
  A death yak (Lair:5)
  Erica (D:10)
  A two-headed ogre (D:9)
  2 bog bodies (Lair:3)
  An ugly thing (IceCv)
  An ice statue (IceCv)
  5 elephants
  A molten gargoyle (Lair:6)
  Maggie (D:8)
  8 cane toads
  A rime drake (Lair:6)
  5 komodo dragons
  An anaconda simulacrum (IceCv)
  4 dream sheep (Lair:6)
  A slime creature (Lair:6)
  8 blink frogs
  3 wyverns
  Sigmund (D:5)
  26 yaks
  3 steam dragons
  3 basilisks
  A death yak simulacrum (IceCv)
  A swamp worm (Lair:3)
  A harpy simulacrum (IceCv)
  3 orc warriors
  7 water moccasins
  A sky beast (D:5)
  2 ice beasts
  2 black bears
  A necrophage (D:6)
  An ogre (D:5)
  8 wolves
  6 centaurs
  A phantom (D:5)
  11 bullfrogs
  A gnoll sergeant (D:9)
  4 scorpions
  A wyvern zombie (D:8)
  2 elephant simulacra (IceCv)
  8 killer bees
  2 electric eels (Lair:1)
  3 lava snakes (Lair:6)
  A bullfrog skeleton (D:6)
  2 centaur zombies
  2 gnoll shamans (D:7)
  9 orc priests
  4 hounds
  2 jellies (Lair:6)
  3 centaur skeletons
  2 iguanas (D:4)
  6 orc wizards
  A polar bear simulacrum (IceCv)
  2 killer bee zombies (D:8)
  A howler monkey zombie (D:5)
  17 gnolls
  13 adders
  2 shadow imps (D:6)
  5 white imps
  A howler monkey simulacrum (D:10)
  3 ufetubi
  2 worms
  50 orcs
  10 bats
  6 endoplasms
  A giant cockroach (D:2)
  8 goblins
  6 hobgoblins
  4 kobolds
  4 quokkas
  9 ball pythons
  2 frilled lizards (D:2)
  A quokka skeleton (D:4)
  3 rats
  A spectral hobgoblin (D:7)
334 creatures vanquished.

Vanquished Creatures (collateral kills)
  A hydra (Lair:5)
  A centaur warrior (D:10)
  2 bog bodies (Lair:3)
  An elephant (Lair:6)
  5 black mambas
  4 cane toads
  A komodo dragon (Lair:1)
  2 blink frogs
  3 dream sheep (Lair:6)
  A wyvern (D:10)
  6 yaks
  A basilisk (D:10)
  An ice beast (D:6)
  3 wolves
  An electric eel (D:10)
  A jelly (Lair:6)
  An adder (D:5)
  2 hobgoblins (D:2)
  A ball python (D:2)
38 creatures vanquished.

Vanquished Creatures (others)
  An electric eel (Lair:3)
  An orc (D:10)
  25 fungi
  33 plants
60 creatures vanquished.

Grand Total: 432 creatures vanquished

Notes
Turn   | Place    | Note
-------+----------+-------------------------------------------
     0 | D:1      | flotson the Demonspawn Gladiator began the quest for the
                  | Orb.
     0 | D:1      | Reached XP level 1. HP: 16/16 MP: 1/1
   140 | D:1      | Gained mutation: A weak demonic guardian rushes to your
                  | aid. [demonic ancestry]
   140 | D:1      | Reached XP level 2. HP: 13/22 MP: 2/2
   732 | D:2      | Gained mutation: You have sharp fingernails. [demonic
                  | ancestry]
   732 | D:2      | Reached XP level 3. HP: 23/28 MP: 3/3
   759 | D:2      | Reached skill level 1 in Armour
  1355 | D:2      | Gained mutation: You are partially covered in molten
                  | scales. (AC +2) [demonic ancestry]
  1355 | D:2      | Reached XP level 4. HP: 22/34 MP: 4/4
  2259 | D:3      | Gained mutation: A demonic guardian rushes to your aid.
                  | [demonic ancestry]
  2259 | D:3      | Reached XP level 5. HP: 40/40 MP: 5/5
  2295 | D:2      | Reached skill level 3 in Fighting
  3294 | D:4      | Found Mulec's Self-Improvement Boutique.
  3384 | D:4      | Gained mutation: You have very sharp fingernails. [demonic
                  | ancestry]
  3384 | D:4      | Reached XP level 6. HP: 47/47 MP: 6/6
  3605 | D:4      | Reached XP level 7. HP: 53/53 MP: 7/7
  3944 | D:5      | Entered Level 5 of the Dungeon
  3954 | D:5      | Reached skill level 4 in Fighting
  4202 | D:5      | Noticed Sigmund
  4219 | D:5      | Killed Sigmund
  4220 | D:5      | Reached XP level 8. HP: 57/61 MP: 8/8
  4413 | D:5      | Reached skill level 5 in Dodging
  4672 | D:6      | Reached skill level 5 in Fighting
  4672 | D:6      | Reached skill level 5 in Axes
  4790 | D:6      | Found a staircase to the Ecumenical Temple.
  4822 | Temple   | Entered the Ecumenical Temple
  4999 | Temple   | Became a worshipper of Gozag Ym Sagoz the Greedy
  5255 | D:6      | Reached skill level 5 in Throwing
  5475 | D:6      | Reached XP level 9. HP: 61/68 MP: 9/9
  5605 | D:7      | Identified the +1 rapier of Giju Hyph {freeze, Dex+3}
  5638 | D:7      | Got the Catalogue of the Escort
  5755 | D:7      | Found a hazy altar of Hepliaklqana.
  5888 | D:7      | Found Nalafraw's Magic Scroll Shoppe.
  5892 | D:7      | Identified the +6 hand axe "Winyufom" {protect, Will+++
                  | rCorr SInv Stlth-}
  5898 | D:7      | Bought a scroll of fear for 52 gold pieces
  5898 | D:7      | Bought a scroll of teleportation for 45 gold pieces
  5898 | D:7      | Bought a scroll of identify for 30 gold pieces
  5898 | D:7      | Bought a scroll of magic mapping for 52 gold pieces
  6199 | D:8      | Found a runed translucent door.
  6199 | D:8      | Found a shimmering altar of Xom.
  6199 | D:8      | Noticed dracfodder's ghost (novice DrIE)
  6199 | D:8      | Noticed a +1 falchion of chaos
  6266 | D:8      | Reached skill level 6 in Fighting
  6328 | D:8      | Reached skill level 5 in Armour
  6353 | D:8      | Found Uguoji's Demolitions Depot.
  6372 | D:8      | Reached skill level 1 in Evocations
  6655 | D:8      | Noticed Maggie
  6675 | D:8      | Killed Maggie
  7186 | D:9      | Gained mutation: You are mostly covered in molten scales.
                  | (AC +3) [demonic ancestry]
  7186 | D:9      | Reached XP level 10. HP: 61/77 MP: 10/10
  7382 | D:9      | Noticed a two-headed ogre
  7394 | D:9      | Killed a two-headed ogre
  7395 | D:9      | Reached skill level 7 in Fighting
  7924 | D:10     | Entered Level 10 of the Dungeon
  7924 | D:10     | Noticed Snorg
  8203 | D:10     | Found a staircase to the Orcish Mines.
  8461 | D:10     | Noticed Erica
  8477 | D:10     | Killed Erica
  8587 | D:10     | Reached XP level 11. HP: 85/85 MP: 11/11
  8591 | D:10     | Found a staircase to the Lair.
  8798 | D:10     | Killed Snorg
  8941 | D:10     | Noticed a centaur warrior
  8952 | D:10     | Killed a centaur warrior
  9039 | D:10     | Reached skill level 8 in Fighting
  9043 | D:10     | Reached skill level 5 in Evocations
  9130 | Lair:1   | Entered Level 1 of the Lair of Beasts
 10216 | Lair:2   | Noticed an eight-headed hydra
 10216 | Lair:2   | Found a frozen archway.
 10220 | IceCv    | Entered an ice cave
 10288 | IceCv    | Noticed a white ugly thing
 10310 | IceCv    | Killed a white ugly thing
 10628 | Lair:2   | Killed an eight-headed hydra
 11019 | Lair:2   | Noticed a six-headed hydra
 11030 | Lair:2   | Killed a six-headed hydra
 11696 | Lair:3   | Noticed a bog body
 11707 | Lair:3   | Reached XP level 12. HP: 52/94 MP: 12/12
 11766 | Lair:3   | Noticed a five-headed hydra
 11780 | Lair:3   | Killed a five-headed hydra
 12126 | Lair:3   | Found a staircase to the Swamp.
 12177 | Lair:3   | Reached skill level 9 in Fighting
 12364 | Lair:4   | Found a hole to the Spider Nest.
 12392 | Lair:4   | Noticed an eight-headed hydra
 12502 | Lair:4   | Killed an eight-headed hydra
 12932 | Lair:4   | Reached skill level 1 in Shields
 13546 | Lair:5   | Noticed an eight-headed hydra
 13992 | Lair:5   | Killed an eight-headed hydra
 14194 | Lair:6   | Entered Level 6 of the Lair of Beasts
 14435 | Lair:6   | Found a staircase to the Slime Pits.
 14453 | Lair:6   | Reached XP level 13. HP: 102/102 MP: 13/13
 14471 | Lair:6   | HP: 2/102 [rime drake/flash freeze (23)]
 14532 | Lair:6   | Identified the +2 hunting sling "Jusixi" {freeze, rPois}
 14981 | Lair:6   | HP: 2/103 [komodo dragon (18)]
 14996 | Lair:6   | Reached skill level 10 in Fighting
 15275 | Lair:6   | Noticed a fire dragon
 15276 | Lair:6   | Found a large runed translucent door.
 15356 | Lair:6   | HP: 2/103 [molten gargoyle (12)]
 15368 | Lair:6   | Mangled by a molten gargoyle

Illustrated notes

Levels and vault maps discovered:
D:1:      lemuel_arrival_cross, layout_rooms
D:2:      layout_loops_corners, minmay_randomly_rotated_circles
D:3:      layout_basic
D:4:      layout_basic, nicolae_shop_self_help
D:5:      cheibrodos_helix_gallery, layout_rooms, kennysheep_generic_room_9,
          uniq_sigmund
D:6:      layout_rooms, minmay_temple_entry_ruins, sigmund_army
D:7:      layout_rooms, nicolae_hepliaklqana_monster_ancestors, serial_shops,
          shop_statue
D:8:      layout_loops_corners, ebering_ghost_xom, minivault_19,
          nicolae_blasting_shop, uniq_maggie
D:9:      layout_irregular_city, minivault_19
D:10:     layout_rooms, david_lair_generic, hiddenorc2_lemuel, serial_ice,
          serial_ice_l, serial_ice_f, serial_ice_e, serial_ice_c,
          bh_walls_and_bars, uniq_erica, uniq_snorg
Temple:   mainiacjoe_temple_hex_bubbles
Lair:1:   layout_cave_pods, serial_bayou_pond_d, serial_bayou_shore_a,
          lemuel_fruit_tree
Lair:2:   layout_small_grid, portal_ice_cave_entry_pillars_1
Lair:3:   layout_hall_layers, nicolae_swamp_entry_splash_gauntlet,
          lemuel_fruit_fields
Lair:4:   layout_small_grid, spider_nest_entry_a
Lair:5:   layout_small_grid, infiniplex_staircase_pool_2, grunt_megastairs_1,
          lemuel_fruit_fields, serial_bayou_shore_b
Lair:6:   cheibrodos_lair_end_hotspot, layout_layer_cave,
          minmay_slime_entry_pillars

Skill      XL: |  1  2  3  4  5  6  7  8  9 10 11 12 13 |
---------------+----------------------------------------+-----
Throwing       | 2 3 4 5 6 7 8 9 |  9.3
Axes           | 3 4 5 6 7 8 9 |  9.4
Dodging        | 3 4 5 6 7 8 9 |  9.5
Armour         | 1 2 3 4 5 6 7 8 |  8.8
Fighting       | 3 4 5 6 7 8 9 10 | 10.1
Evocations     | 2 4 6 7 8 |  8.0
Shields        | 2 3 |  3.5

Action                   |  1- 3 |  4- 6 |  7- 9 | 10-12 | 13-15 || total
-------------------------+-------+-------+-------+-------+-------++-------
Melee: Dagger            |   101 |   196 |     3 |       |       ||   300
       War axe           |     3 |       |       |       |       ||     3
       Spear             |       |       |   330 |   281 |   171 ||   782
       Hand axe          |       |       |   117 |   535 |    11 ||   663
Throw: Dart              |       |       |     5 |    14 |     2 ||    21
       Throwing net      |       |       |     2 |     3 |       ||     5
Evoke: Wand              |       |       |       |    12 |     1 ||    13
       Condenser vane    |       |       |       |     1 |       ||     1
  Use: Scroll            |       |       |    12 |     9 |     4 ||    25
       Potion            |       |       |       |     2 |     8 ||    10
 Stab: Sleeping          |       |     2 |     1 |       |       ||     3
       Distracted        |       |       |     3 |     7 |       ||    10
       Invisible         |       |       |       |     1 |       ||     1
Armor: Leather armour    |    34 |    37 |       |       |       ||    71
       Chain mail        |       |    54 |       |       |       ||    54
       Scale mail        |       |    23 |   116 |       |       ||   139
       Troll leather arm |       |       |    84 |   434 |    68 ||   586
Dodge: Dodged            |    68 |   131 |   297 |   629 |   112 ||  1237
Block: Other             |    23 |    29 |       |       |       ||    52
       Tower shield      |       |       |       |   190 |   181 ||   371

Table legend: (Time is in decaauts)
 A = Elapsed time spent in this place.
 B = Non-inter-level travel time spent in this place.
 C = Inter-level travel time spent in this place.
 D = Time resting spent in this place.
 E = Time spent auto-exploring this place.
 F = Levels seen in this place.
 G = Mean time per level.
                   A        B        C        D        E       F      G
               +--------+--------+--------+--------+--------+-----+--------+
         Total |  15521 |  14881 |    640 |    123 |  10903 |  18 |  862.3 |
       Dungeon |   8880 |   8457 |    423 |     40 |   6484 |  10 |  888.0 |
        Temple |    219 |    177 |     42 |      0 |    173 |   1 |  219.0 |
          Lair |   6080 |   5905 |    175 |     53 |   4187 |   6 | 1013.3 |
      Ice Cave |    340 |    340 |      0 |     30 |     58 |   1 |  340.0 |
               +--------+--------+--------+--------+--------+-----+--------+

Top non-repeatable levels by time:
     D:2: 1661 daAuts
  Lair:5: 1241 daAuts
    D:10: 1149 daAuts
  Lair:1: 1094 daAuts
     D:8: 1046 daAuts
  Lair:6: 1046 daAuts
     D:3: 991 daAuts
  Lair:3: 930 daAuts
  Lair:4: 916 daAuts
  Lair:2: 851 daAuts
     D:9: 796 daAuts
     D:4: 757 daAuts
     D:6: 662 daAuts
     D:1: 648 daAuts
     D:7: 596 daAuts
